 Dungeon Crawl Stone Soup version 0.17-a0-2118-g63bad21 (webtiles) character file.

35 Duffy the Insei (level 3, -1/34 HPs)
             Began as a Naga Monk on Oct 20, 2015.
             Slain by a quokka (4 damage)
             ... on level 2 of the Dungeon.
             The game lasted 00:00:53 (682 turns).

Duffy the Insei (Naga Monk)                          Turns: 682, Time: 00:00:53

Health: -1/34      AC:  2    Str: 13    XL:     3   Next: 33%
Magic:  3/3        EV: 10    Int: 11    God:
Gold:   59         SH:  0    Dex: 13    Spells: 0 memorised, 2 levels left

rFire  . . .     SeeInvis +       - Unarmed
rCold  . . .     Clarity  .     a - +0 robe
rNeg   . . .     SustAt   .     (no shield)
rPois  +         Gourm    .     (no helmet)
rElec  .         Spirit   .     (no cloak)
rCorr  .         Warding  .     (no gloves)
rMut   .         Stasis   .     (no barding)
MR     .....                    (no amulet)
Stlth  ++........               (no ring)
                                (no ring)

@: very slow, not resistant to hostile enchantments, unstealthy
A: see invisible, deformed body, poison resistance, slowness 2, slow metabolism
1, spit poison 2, AC +1
a: Spit Poison


You were on level 2 of the Dungeon.
You were not hungry.

You visited 1 branch of the dungeon, and saw 2 of its levels.

You collected 59 gold pieces.


Innate Abilities, Weirdness & Mutations

You cannot wear boots.
Your serpentine skin is tough (AC +1).
You have supernaturally acute eyesight.
Armour fits poorly on your strangely shaped body.
Your system is resistant to poisons.
You cover ground very slowly.
You have a slow metabolism.
You can spit poison.


   Skills:
 - Level 3.0 Fighting
 - Level 2.4 Dodging
 - Level 3.0 Stealth
 + Level 5.1 Unarmed Combat


You had 2 spell levels left.
You didn't know any spells.

Inventory:

Missiles
 f - 15 tomahawks (quivered)
Armour
 a - a +0 robe (worn)
Scrolls
 c - 2 scrolls of identify {unknown}
Potions
 e - a potion of cure mutation {unknown}
 g - a potion of resistance {unknown}
Comestibles
 b - a bread ration

Dungeon Overview and Level Annotations

Branches:
Dungeon (2/15)

Altars:
Qazlal


Message History

You are too injured to fight recklessly!
You are too injured to fight recklessly!
You are too injured to fight recklessly!
You are too injured to fight recklessly!
You are too injured to fight recklessly!
You are too injured to fight recklessly!
You are too injured to fight recklessly!
You are too injured to fight recklessly!
You are too injured to fight recklessly!
You are too injured to fight recklessly!
You are too injured to fight recklessly!
You are too injured to fight recklessly!
You are too injured to fight recklessly!
You are too injured to fight recklessly!
You are too injured to fight recklessly!
You hit the quokka.
The quokka is almost dead.
You have got your breath back.
The quokka closely misses you.
You closely miss the quokka.
The quokka is almost dead.
The quokka bites you.
You closely miss the quokka.
The quokka is almost dead.
The quokka bites you. x2
You miss the quokka.
The quokka is almost dead.
The quokka bites you.
You closely miss the quokka.
The quokka is almost dead.
The quokka bites you.
You barely miss the quokka.
The quokka is almost dead.
The quokka bites you.
You die...

#..# # #.. #..#.#
##.. ##..#.##.#
... .........
###..#####........
........#<###...
#... #..........
#..†##........≈.
#@r.≈.$..≈≈≈.
#..........≈##≈##≈
#........≈.#≈≈≈≈#
#.......§≈§#≈.⌠≈#
#.......§≈§#≈>_≈#
####+#..§§§≈§≈≈≈
+....≈#+# #......


You could see a quokka.

Action                   || total
-------------------------++-------
Melee: Unarmed           ||    47
 Abil: Spit Poison       ||     7
 Stab: Sleeping          ||     3

Notes
Turn   | Place    | Note
--------------------------------------------------------------
     0 | D:1      | Duffy the Naga Monk began the quest for the Orb.
     0 | D:1      | Reached XP level 1. HP: 21/21 MP: 1/1
   124 | D:1      | Reached XP level 2. HP: 28/28 MP: 2/2
   665 | D:2      | Found a stormy altar of Qazlal.
   671 | D:2      | Reached skill level 5 in Unarmed Combat
   671 | D:2      | Reached XP level 3. HP: 24/34 MP: 3/3
   682 | D:2      | Slain by a quokka

Vault maps used:
D:1:      onia_arrival_mini_spirals, hangedman_abyss_or_decor_stabs
D:2:      kennysheep_the_goblin_king, nicolae_qazlal_general_emergency,
          lemuel_doored_altar, nicolae_ru_the_path_less_chosen,
          overflow_temple_1_default

Vanquished Creatures
  An adder
  An ooze
  A giant cockroach
  2 goblins
  3 hobgoblins
  A bat
  4 giant newts
  5 kobolds
  3 rats
21 creatures vanquished.
